 Dungeon Crawl Stone Soup version 0.30.0-30-g96aa6591b8 (webtiles) character file.

Game seed: 7707748747901171192

14305 Peloso the Carver (level 11, 0/99 HPs)
             Began as a Minotaur Fighter on June 28, 2023.
             Was an Elder of Okawaru.
             Slain by a killer bee (5 damage)
             ... on level 2 of the Lair of Beasts.
             The game lasted 00:28:18 (14137 turns).

Peloso the Carver (Minotaur Fighter)               Turns: 14137, Time: 00:28:21

Health: 0/99       AC: 20    Str: 23    XL:     11   Next: 87%
Magic:  11/11      EV:  7    Int:  5    God:    Okawaru [****..]
Gold:   916        SH: 16    Dex: 12    Spells: 10/10 levels left

rFire   . . .        a - +3 falchion
rCold   + + +        d - +0 kite shield
rNeg    . . .        F - +1 plate armour {rC+}
rPois   .            (helmet restricted)
rElec   .            w - +1 cloak {rCorr}
rCorr   +            c - +0 pair of gloves
SInv    .            (no boots)
Will    .....        I - amulet "Oploheog" {Reflect rC+ SH+5} Stlth
                     p - ring of protection from cold
HPRegen 0.36/turn    (no ring)
MPRegen 0.12/turn

%: reflection
@: no status effects
A: horns 2, retaliatory headbutt
a: Renounce Religion, Heroism, Finesse


You were on level 2 of the Lair of Beasts.
You worshipped Okawaru.
Okawaru was greatly pleased with you.
You visited 3 branches of the dungeon, and saw 14 of its levels.
You also visited: Sewer.

You collected 968 gold pieces.
You spent 52 gold pieces at shops.

Inventory:

Hand Weapons
 a - a +3 falchion (weapon)
 b - a +0 spear of flaming
Missiles
 N - a throwing net (quivered)
Armour
 c - a +0 pair of gloves (worn)
 d - a +0 kite shield (worn)
 l - a +0 chain mail of poison resistance
 w - a +1 cloak of preservation (worn)
 F - a +1 plate armour of cold resistance (worn)
Jewellery
 e - an amulet of faith
 h - an amulet of guardian spirit
 p - a ring of protection from cold (left hand)
 r - a ring of see invisible
 E - a ring of ice
 I - the amulet "Oploheog" (around neck) {Reflect rC+ SH+5}
   (You took it off an orc on level 9 of the Dungeon)

   [amulet of reflection]

   It reflects blocked missile attacks.
   rC:        It protects you from cold.
   SH:        It affects your SH (+5).
Wands
 y - a wand of flame (29)
 G - a wand of polymorph (1)
 J - a wand of roots (3)
 P - a wand of quicksilver (12)
Scrolls
 f - 3 scrolls of enchant armour
 g - 2 scrolls of immolation
 m - 2 scrolls of butterflies
 n - 6 scrolls of teleportation
 o - a scroll of poison
 t - 2 scrolls of magic mapping
 u - 4 scrolls of noise {unknown}
 v - 2 scrolls of fog
 x - 3 scrolls of amnesia {unknown}
 B - 2 scrolls of enchant weapon {unknown}
 C - 2 scrolls of brand weapon
 D - 2 scrolls of fear
 K - a scroll of blinking {unknown}
 M - a scroll of acquirement {unknown}
Potions
 i - 5 potions of might
 j - 5 potions of cancellation
 k - 3 potions of curing
 q - 2 potions of magic
 s - 2 potions of flight
 z - a potion of heal wounds
 A - a potion of ambrosia
 H - a potion of haste {unknown}
 L - a potion of brilliance {unknown}
 O - a potion of lignification {unknown}
Miscellaneous
 Q - a condenser vane


   Skills:
 + Level 9.8 Fighting
 + Level 13.6 Long Blades
 + Level 12.8 Armour
 + Level 3.6 Dodging
 + Level 1.2 Stealth
 + Level 10.1 Shields
 + Level 2.1 Invocations


You had 10 spell levels left.
You didn't know any spells.
Your spell library contained the following spells:

 Spells                   Type           Power      Damage    Failure   Level
 Sandblast                Erth           0%         2d4       100%        1
 Cigotuvi's Dreadful Rot  Necr/Pois/Air  0%         N/A       100%        2
 Ensorcelled Hibernation  Hex/Ice        0%         N/A       100%        2
 Passwall                 Tmut/Erth      0%         N/A       100%        2
 Ignite Poison            Fire/Tmut/Pois 0%         N/A       100%        3
 Spider Form              Tmut/Pois      0%         N/A       100%        3
 Stone Arrow              Conj/Erth      0%         3d7       100%        3
 Anguish                  Hex/Necr       0%         N/A       100%        4
 Freezing Cloud           Conj/Ice/Air   0%         6-21      100%        5
 Conjure Ball Lightning   Conj/Air       0%         3x3d6     100%        6
 Discord                  Hex            0%         N/A       100%        8
 Disjunction              Tloc           0%         N/A       100%        8
 Summon Small Mammal      Summ           Unusable   N/A       N/A         1
 Call Canine Familiar     Summ           Unusable   N/A       N/A         3
 Summon Guardian Golem    Hex/Summ       Unusable   N/A       N/A         3

Dungeon Overview and Level Annotations

Branches:
Dungeon (11/15)            Temple (1/1) D:7            Lair (2/5) D:11
    Orc (0/2) D:10          Sewer (visited)
  Swamp: Lair:2-3    Shoals: Lair:2-3     Snake: Lair:2-3    Spider: Lair:2-3

Altars:
Ashenzari
Elyvilon
Gozag
Hepliaklqana
Kikubaaqudgha
Makhleb
Okawaru
Sif Muna
Uskayaw
Vehumet
Wu Jian
Xom
Yredelemnul
The Shining One

Shops:
D:1 (   D:6 *   D:10 ?


Innate Abilities, Weirdness & Mutations

You have a pair of horns on your head.
You reflexively headbutt those who attack you in melee.


Message History

The killer bee stings you but does no damage.
The black mamba bites you.
* * * LOW HITPOINT WARNING * * *
The killer bee barely misses you. The killer bee stings you.
* * * LOW HITPOINT WARNING * * *
You are lethally poisoned!
The killer bee poisons you!
You feel better. The killer bee stings you.
* * * LOW HITPOINT WARNING * * *
You are poisoned.
The killer bee poisons you! You block the killer bee's attack.
The killer bee stings you but does no damage.
The black mamba bites you!
* * * LOW HITPOINT WARNING * * *
You are lethally poisoned!
The black mamba poisons you! The killer bee closely misses you.
You furiously retaliate!
You headbutt the killer bee! The killer bee barely misses you.
The killer bee stings you but does no damage.
The black mamba bites you but does no damage.
You block the killer bee's attack.
The killer bee stings you but does no damage.
You feel better. The killer bee closely misses you.
You block the killer bee's attack. The killer bee closely misses you.
You block the killer bee's attack. The killer bee stings you!
* * * LOW HITPOINT WARNING * * *
The black mamba completely misses you. You furiously retaliate!
You headbutt the black mamba. The killer bee stings you.
* * * LOW HITPOINT WARNING * * *
You block the killer bee's attack. The killer bee stings you.
* * * LOW HITPOINT WARNING * * *
The black mamba bites you but does no damage.
As you read the scroll of fear, it crumbles to dust.
You assume a fearsome visage.
The killer bee is unaffected. x2
The black mamba looks frightened!
The killer bee looks frightened!
The sentinel's mark upon you fades away.
You block the killer bee's attack. The killer bee barely misses you.
The killer bee stings you but does no damage.
The killer bee stings you.
You die...

.........=.. .............
....>......$. ..
................. ..
.......#.###..##... #
##.............#.. ..
#.....#.......... ...
#....S#........# . ....
##...@÷y.......# ...
.....###...yy†........+.....
#...#.....<..#..............
......P.......#+##.###......
.................>... .....
..<.................... ....
..................(.........
####..#########.##.#####P ##
### ######


You could see a black mamba (fleeing) and 3 killer bees.

Vanquished Creatures
  A centaur warrior (D:10)
  Pikel (D:4)
  A manticore (D:9)
  A cyclops (D:10)
  An ugly thing (D:10)
  A cane toad (Lair:1)
  2 gargoyles (D:11)
  2 komodo dragons
  2 unseen horrors
  3 kobold demonologists (D:9)
  2 trolls
  A wraith (D:11)
  Sigmund (D:2)
  A shadow (D:11)
  3 wyverns
  7 yaks
  Grum (D:9)
  2 basilisks (Lair:1)
  2 acid dragons (D:11)
  6 water moccasins
  7 orc warriors
  4 sky beasts
  An ogre (D:6)
  A black bear (D:11)
  An ice beast (D:6)
  2 centaurs
  3 wolves (D:8)
  3 phantoms
  3 kobold brigands
  5 bullfrogs
  5 gnoll sergeants (D:10)
  5 scorpions
  12 wights
  6 killer bees (D:4)
  4 howler monkeys
  2 lava snakes (D:9)
  7 hounds
  A jelly (D:6)
  7 orc priests
  3 gnoll boudas (D:10)
  5 iguanas
  3 sleepcaps
  Crazy Yiuf (D:4)
  13 orc wizards
  3 hell rats
  Robin (D:4)
  16 gnolls (D:10)
  17 adders
  11 river rats
  A shadow imp (D:5)
  3 white imps
  An ufetubus (D:6)
  3 worms
  2 dart slugs
  53 orcs
  7 bats
  7 endoplasms
  5 giant cockroaches
  13 goblins
  6 hobgoblins
  4 jackals (D:10)
  5 quokkas
  7 ball pythons
  7 frilled lizards
  16 kobolds
  11 rats
344 creatures vanquished.

Notes
Turn   | Place    | Note
-------+----------+-------------------------------------------
     0 | D:1      | Peloso the Minotaur Fighter began the quest for the Orb.
     0 | D:1      | Reached XP level 1. HP: 19/19 MP: 0/0
   118 | D:1      | Reached XP level 2. HP: 27/27 MP: 1/1
   605 | D:1      | Reached XP level 3. HP: 33/33 MP: 2/2
   832 | D:1      | Found Yrravoe's Antique Weapon Boutique.
  1091 | D:2      | Noticed Sigmund
  1288 | D:2      | Reached skill level 3 in Long Blades
  1477 | D:3      | Noticed a scorpion
  1487 | D:3      | Killed a scorpion
  1488 | D:3      | Reached XP level 4. HP: 16/41 MP: 0/3
  1751 | D:3      | Noticed a phantom
  1759 | D:3      | Found a faded altar of an unknown god.
  1764 | D:3      | Killed a phantom
  1765 | D:3      | Reached skill level 4 in Long Blades
  1765 | D:3      | Reached skill level 5 in Armour
  1765 | D:3      | Reached XP level 5. HP: 47/47 MP: 4/4
  2514 | D:4      | Noticed Robin
  2531 | D:4      | Killed Robin
  2613 | D:4      | Reached XP level 6. HP: 44/53 MP: 5/5
  2663 | D:4      | Reached skill level 5 in Long Blades
  2807 | D:4      | Found a glowing drain.
  2856 | Sewer    | Entered a sewer
  2863 | Sewer    | Reached skill level 5 in Fighting
  3161 | D:4      | Reached XP level 7. HP: 46/61 MP: 4/6
  3233 | D:4      | Found a runed translucent door.
  3234 | D:4      | Noticed Crazy Yiuf
  3292 | D:4      | Reached skill level 6 in Long Blades
  3333 | D:4      | HP: 3/61 [poisoned by a killer bee]
  3336 | D:4      | HP: 1/61 [poisoned by a killer bee]
  3996 | D:2      | Killed Sigmund
  3997 | D:2      | Reached skill level 7 in Long Blades
  3997 | D:2      | Reached XP level 8. HP: 69/70 MP: 4/7
  4355 | D:2      | Reached skill level 1 in Dodging
  4578 | D:4      | Killed Crazy Yiuf
  4644 | D:5      | Entered Level 5 of the Dungeon
  4944 | D:5      | Reached skill level 8 in Long Blades
  5061 | D:5      | Noticed Pikel
  5129 | D:4      | Killed Pikel
  5130 | D:4      | Reached skill level 5 in Shields
  5355 | D:5      | Reached XP level 9. HP: 70/78 MP: 6/8
  5872 | D:6      | Reached skill level 9 in Long Blades
  6047 | D:6      | Reached skill level 10 in Armour
  6460 | D:6      | Found Viff's Neck Hole.
  6837 | D:6      | Reached skill level 10 in Long Blades
  7267 | D:7      | Reached XP level 10. HP: 49/86 MP: 9/9
  7779 | D:7      | Found a broken altar of Ashenzari.
  7838 | D:7      | Found a staircase to the Ecumenical Temple.
  7902 | D:7      | Reached skill level 11 in Long Blades
  7918 | Temple   | Entered the Ecumenical Temple
  7984 | Temple   | Became a worshipper of Warmaster Okawaru
  8075 | D:7      | Found a shimmering blue altar of Sif Muna.
  8955 | D:8      | Found an opulent altar of Gozag.
  9462 | D:9      | Noticed Grum
  9469 | D:8      | Reached * piety under Okawaru
  9485 | D:9      | Killed Grum
  9763 | D:9      | Found a burning altar of Makhleb.
  9772 | D:9      | Found an ornate altar of the Wu Jian Council.
 10153 | D:9      | Reached skill level 12 in Long Blades
 10410 | D:9      | Found a shimmering altar of Xom.
 10410 | D:9      | Found a faded altar of an unknown god.
 10418 | D:9      | Found a radiant altar of Vehumet.
 10423 | D:9      | Found a glowing golden altar of the Shining One.
 10424 | D:9      | Reached ** piety under Okawaru
 10442 | D:9      | Found a faded altar of an unknown god.
 10605 | D:10     | Entered Level 10 of the Dungeon
 10623 | D:10     | Noticed an orange demon
 10669 | D:10     | Reached skill level 1 in Stealth
 10805 | D:10     | Noticed a manticore
 10810 | D:10     | Reached skill level 1 in Invocations
 10862 | D:9      | Killed a manticore
 11233 | D:9      | Noticed a smoke demon
 11238 | D:9      | Reached XP level 11. HP: 70/97 MP: 5/10
 11356 | D:10     | Identified the amulet "Oploheog" {Reflect rC+ SH+5}
 11530 | D:10     | Found a staircase to the Orcish Mines.
 12337 | D:10     | Noticed a centaur warrior
 12339 | D:10     | Killed a centaur warrior
 12339 | D:10     | Reached *** piety under Okawaru
 12405 | D:10     | Noticed a brown ugly thing
 12413 | D:10     | Killed a brown ugly thing
 12414 | D:10     | Reached skill level 13 in Long Blades
 12508 | D:10     | Found Otikeh's Magic Scroll Shoppe.
 12516 | D:10     | Bought a scroll of identify for 26 gold pieces
 12516 | D:10     | Bought a scroll of identify for 26 gold pieces
 12996 | D:11     | Reached **** piety under Okawaru
 13461 | D:11     | Found a staircase to the Lair.
 13535 | Lair:1   | Entered Level 1 of the Lair of Beasts
 13924 | Lair:2   | Reached skill level 10 in Shields
 14132 | Lair:2   | HP: 3/99 [black mamba (14)]
 14137 | Lair:2   | Slain by a killer bee

Illustrated notes

Levels and vault maps discovered:
D:1:      psy_arrival_radial02, layout_basic, serial_shops,
          nicolae_shop_pleasant_corner_grove, minmay_misc_feat_rows,
          dreamdust_mushroom_princess, minmay_tromino_mix6
D:2:      layout_basic, uniq_sigmund
D:3:      layout_loops_corners, chequers_ecumenical_altar_island,
          small_statue_intersection
D:4:      layout_loops_ring, gup_sewer_entry_glass,
          chequers_serial_rivers_micro_a, uniq_crazy_yiuf_cottage, uniq_robin
D:5:      layout_gridville, st_stairs_7, nicolae_half_adder, uniq_pikel
D:6:      layout_layer_cave, nicolae_shop_sticking_my_neck_out
D:7:      layout_loops_ring, cheibrodos_ashenzari_chains,
          kennysheep_orc_sif_temple, minmay_temple_entry_glassed_door
D:8:      layout_loops_cross, lemuel_crystal_altar, grunt_decor_arrowhead,
          dreamdust_wishing_well, patterned_corridor
D:9:      layout_roguey, chequers_temple_overflow_minitemple,
          mainiacjoe_overflow_catch_the_wave, uniq_grum
D:10:     layout_cave_pools, hiddenorc2_lemuel, serial_gnoll_camp,
          gnoll_camp_medium_01, gnoll_camp_mini_house, gnoll_camp_huts_basic,
          gnoll_camp_mini_hut, gnoll_camp_mini_sergeant, serial_shops, shop,
          kb_rosetta
D:11:     layout_roguey, grunt_lair_entry_orc_guard_hut
Temple:   dpeg_chambers_temple
Lair:1:   layout_gridlike, special_room [special_room_bee], kennysheep_rathole,
          grunt_megastairs_4, serial_bayou_shore_a
Lair:2:   layout_chaotic_city, palyth_hydra_swamp_entry

Skill      XL: |  1  2  3  4  5  6  7  8  9 10 11 |
---------------+----------------------------------+-----
Fighting       | 4 5 6 7 9 |  9.8
Armour         | 4 5 6 7 9 10 12 | 12.8
Shields        | 4 5 7 10 | 10.1
Long Blades    | 3 4 5 7 8 10 12 13 | 13.6
Dodging        | 2 3 |  3.6
Stealth        | 1 |  1.2
Invocations    | 1 2 |  2.1

Action                     |  1- 3 |  4- 6 |  7- 9 | 10-12 || total
---------------------------+-------+-------+-------+-------++-------
  Melee: Long sword        |   104 |   148 |   314 |   286 ||   852
         Headbutt          |    21 |    32 |    57 |   177 ||   287
         Falchion          |       |       |       |   549 ||   549
 Invoke: Heroism           |       |       |       |    10 ||    10
    Use: Potion            |     2 |       |     2 |     5 ||     9
         Scroll            |       |    10 |     3 |     4 ||    17
 Armour: Scale mail        |    36 |       |       |       ||    36
         Chain mail        |    26 |    84 |   159 |    61 ||   330
         Plate armour      |       |       |       |   412 ||   412
  Dodge: Dodged            |    51 |    65 |   125 |   238 ||   479
  Block: Buckler           |    29 |    35 |    72 |   152 ||   288
         Kite shield       |       |       |       |   350 ||   350
         Reflection        |       |       |       |    11 ||    11
